ATL
LONG ISLAND DUCKS @ SOUTHERN MARYLAND BLUE CRABS
08/18/2072
 
TOP OF THE 1ST
Roswell Invaders batting - Pitching for Tucson Saguaros : RHP Zach Quinn
Pitching: RHP Zach Quinn
Batting: RHB Jesus Villanueva 0-0: Called Strike
0-1: Swinging Strike
0-2: SINGLE (Groundball, 56S, EV 67.5 MPH) (infield hit)
Batting: SHB Jesse Kolb 0-0: Called Strike
0-1: Ball
1-1: Foul Ball, location: 2F
1-2: SINGLE (Groundball, 4MD, EV 104.4 MPH)
Jesus Villanueva to second
Batting: RHB Ramon Mendez 0-0: Ball
1-0: SINGLE (Line Drive, 8LS, EV 95.0 MPH)
Jesus Villanueva to third
Jesse Kolb to second
Batting: RHB Salvino Ortiz 0-0: Foul Ball, location: 2F
0-1: Ball
1-1: Ball
2-1: Ball
3-1: Foul Ball, location: 2F
3-2: Foul Ball, location: 2F
3-2: Foul Ball, location: 2F
3-2: Fly out, F7 (Flyball, 7, EV 83.8 MPH)
Batting: LHB Fernando Sierra 0-0: Ball
1-0: Called Strike
1-1: Ball
2-1: Foul Ball, location: 2F
2-2: Ball
3-2: Strikes out swinging
Batting: RHB Gregorio Rivas 0-0: Ball
1-0: Ball
2-0: Foul Ball, location: 2F
2-1: SINGLE (Groundball, 4D, EV 96.2 MPH)
Jesus Villanueva scores
Jesse Kolb to third
Ramon Mendez to second
Runner from 3rd tries for Home, SAFE, throw by RF to home
Batting: RHB Angel Lagunes 0-0: Called Strike
0-1: Ball
1-1: Foul Ball, location: 2F
1-2: 3-RUN HOME RUN (Flyball, 7D, EV 109.4 MPH), Distance : 387 ft
Batting: RHB Bobby Serrano 0-0: Ball
1-0: Called Strike
1-1: Foul Ball, location: 2F
1-2: TRIPLE (Flyball, 89XD, EV 106.9 MPH)
Batting: RHB Mario Morales 0-0: Called Strike
0-1: Ball
1-1: Foul Ball, location: 2F
1-2: Strikes out swinging
Top of the 1st over - 5 runs, 6 hits, 0 errors, 1 left on base; Roswell 5 - Tucson 0
BOTTOM OF THE 1ST
Tucson Saguaros batting - Pitching for Roswell Invaders : RHP Mario Morales
Pitching: RHP Mario Morales
Batting: RHB Jose Romero 0-0: Ball
1-0: Ball
2-0: Ball
3-0: Called Strike
3-1: Called Strike
3-2: Reached on error, E5 (Flyball, 5D, EV 87.5 MPH)
Batting: RHB Marcell Gavallo 0-0: Called Strike
Jose Romero steals 2nd base
0-1: Swinging Strike
0-2: Ball
1-2: Ball
2-2: Ball
3-2: Base on Balls
Batting: RHB Jimmy Griffis 0-0: Ball
1-0: Swinging Strike
1-1: Ball
2-1: Foul Ball, location: 2F
2-2: Ball
3-2: Foul Ball, location: 2F
3-2: Base on Balls
Jose Romero to third
Marcell Gavallo to second
Batting: RHB Alonzo Estrada 0-0: Grounds into double play, 6-4-3 (Groundball, 6M, EV 94.4 MPH)
Jose Romero scores
Marcell Gavallo to third
Batting: RHB Mike Proctor 0-0: Ball
1-0: Ball
2-0: Ball
3-0: Base on Balls
Batting: RHB Luis Avila 0-0: Fielders Choice at 2nd, 6-4 (Groundball, 6, EV 81.9 MPH)
Bottom of the 1st over - 1 run, 0 hits, 1 error, 2 left on base; Roswell 5 - Tucson 1
TOP OF THE 2ND
Roswell Invaders batting - Pitching for Tucson Saguaros : RHP Zach Quinn
Batting: RHB Jesus Villanueva 0-0: Foul Ball, location: 2F
0-1: Swinging Strike
0-2: SINGLE (Groundball, 4MD, EV 101.9 MPH)
Batting: SHB Jesse Kolb 0-0: Ball
1-0: Fly out, F8 (Line Drive, 8RM, EV 90.0 MPH)
Batting: RHB Ramon Mendez 0-0: Called Strike
0-1: Ball
1-1: Ball
2-1: Ball
3-1: Base on Balls
Jesus Villanueva to second
Batting: RHB Salvino Ortiz 0-0: Called Strike
0-1: Called Strike
0-2: Ball
1-2: Foul Ball, location: 2F
1-2: Ball
2-2: Foul Ball, location: 2F
2-2: Strikes out swinging
Batting: LHB Fernando Sierra 0-0: Ball
Wild Pitch!
Jesus Villanueva to third
Ramon Mendez to second
1-0: Foul Ball, location: 2F
1-1: Foul Ball, location: 2F
1-2: Hit by Pitch
Batting: RHB Gregorio Rivas 0-0: Foul Ball, location: 2F
0-1: Swinging Strike
0-2: Strikes out swinging
Top of the 2nd over - 0 runs, 1 hit, 0 errors, 3 left on base; Roswell 5 - Tucson 1
BOTTOM OF THE 2ND
Tucson Saguaros batting - Pitching for Roswell Invaders : RHP Mario Morales
Batting: RHB Ivan Jenkins 0-0: Called Strike
0-1: Ground out U3 (Groundball, 3, EV 86.2 MPH)
Batting: RHB Chris Panzarella 0-0: SINGLE (Groundball, 56D, EV 105.0 MPH)
Batting: RHB Zach Quinn 0-0: Sac Bunt to P - play at first, batter OUT! 1-4
Chris Panzarella to second
Batting: RHB Jose Romero 0-0: Ball
1-0: Ball
2-0: Ball
3-0: Base on Balls
Batting: RHB Marcell Gavallo 0-0: Ball
1-0: Called Strike
1-1: Reached on error, E1 (Groundball, 15S, EV 67.5 MPH)
Chris Panzarella scores
Jose Romero to third
Batting: RHB Jimmy Griffis 0-0: Called Strike
0-1: Ball
1-1: Called Strike
1-2: Ball
2-2: Ball
3-2: Foul Ball, location: 2F
3-2: Foul Ball, location: 2F
3-2: Ground out 6-3 (Groundball, 6, EV 90.0 MPH)
Bottom of the 2nd over - 1 run, 1 hit, 1 error, 2 left on base; Roswell 5 - Tucson 2
TOP OF THE 3RD
Roswell Invaders batting - Pitching for Tucson Saguaros : RHP Zach Quinn
Batting: RHB Angel Lagunes 0-0: Ball
1-0: Called Strike
1-1: Foul Ball, location: 2F
1-2: Strikes out looking
Batting: RHB Bobby Serrano 0-0: Ball
1-0: Ball
2-0: Ball
3-0: Called Strike
3-1: Called Strike
3-2: Base on Balls
Batting: RHB Mario Morales 0-0: Ball
1-0: Called Strike
1-1: Hit by Pitch
Bobby Serrano to second
Batting: RHB Jesus Villanueva 0-0: Ball
Wild Pitch!
Bobby Serrano to third
Mario Morales to second
1-0: Fly out, F7 (Flyball, 7LM, EV 101.9 MPH)
Runner from 3rd tags up, SCORES, throw by LF
Mario Morales to third
Batting: SHB Jesse Kolb 0-0: Called Strike
0-1: SINGLE (Line Drive, 3D, EV 101.2 MPH)
Mario Morales scores
Pitching: RHP Yuga Muroi
Batting: RHB Ramon Mendez 0-0: Ball
1-0: Ball
2-0: Called Strike
2-1: Foul Ball, location: 2F
2-2: Ball
3-2: Foul Ball, location: 2F
3-2: Strikes out swinging
Top of the 3rd over - 2 runs, 1 hit, 0 errors, 1 left on base; Roswell 7 - Tucson 2
BOTTOM OF THE 3RD
Tucson Saguaros batting - Pitching for Roswell Invaders : RHP Mario Morales
Batting: RHB Alonzo Estrada 0-0: Ball
1-0: Called Strike
1-1: Ball
2-1: DOUBLE (Line Drive, 7LM, EV 103.8 MPH)
Batting: RHB Mike Proctor 0-0: Ball
1-0: SINGLE (Line Drive, 78M, EV 107.5 MPH)
Alonzo Estrada to third
Batting: RHB Luis Avila 0-0: Ball
Wild Pitch!
Alonzo Estrada scores
Mike Proctor to second
1-0: Swinging Strike
1-1: Called Strike
1-2: Ball
2-2: Ball
3-2: Strikes out swinging
Batting: RHB Ivan Jenkins 0-0: Ball
1-0: Foul Ball, location: 2F
1-1: Ball
2-1: Foul Ball, location: 2F
2-2: Ball
3-2: DOUBLE (Flyball, 78XD, EV 91.9 MPH)
Mike Proctor scores
Batting: RHB Chris Panzarella 0-0: Ball
1-0: Foul Ball, location: 2F
1-1: Called Strike
1-2: Ball
2-2: Foul Ball, location: 2F
2-2: Ground out 5-3 (Groundball, 5, EV 103.1 MPH)
Batting: RHB Yuga Muroi 0-0: Ball
1-0: Called Strike
1-1: Called Strike
1-2: Strikes out swinging
Bottom of the 3rd over - 2 runs, 3 hits, 0 errors, 1 left on base; Roswell 7 - Tucson 4
TOP OF THE 4TH
Roswell Invaders batting - Pitching for Tucson Saguaros : RHP Yuga Muroi
Batting: RHB Salvino Ortiz 0-0: Foul Ball, location: 2F
0-1: Fly out, F8 (Flyball, 8LM, EV 88.1 MPH)
Batting: LHB Fernando Sierra 0-0: SOLO HOME RUN (Flyball, 9D, EV 96.9 MPH), Distance : 394 ft
Batting: RHB Gregorio Rivas 0-0: Ball
1-0: Foul Ball, location: 2F
1-1: Foul Ball, location: 2F
1-2: Ball
2-2: Ball
3-2: Foul Ball, location: 2F
3-2: Foul Ball, location: 2F
3-2: Fly out, F7 (Flyball, 7LM, EV 80.0 MPH)
Batting: RHB Angel Lagunes 0-0: Called Strike
0-1: Ball
1-1: Foul Ball, location: 2F
1-2: Ground out 2-3 (Groundball, 2R, EV 68.1 MPH)
Top of the 4th over - 1 run, 1 hit, 0 errors, 0 left on base; Roswell 8 - Tucson 4
BOTTOM OF THE 4TH
Tucson Saguaros batting - Pitching for Roswell Invaders : RHP Mario Morales
Batting: RHB Jose Romero 0-0: Ball
1-0: Foul Ball, location: 2F
1-1: Ball
2-1: Ball
3-1: Base on Balls
Batting: RHB Marcell Gavallo 0-0: Called Strike
0-1: Ball
1-1: Ball
2-1: Ball
3-1: Base on Balls
Jose Romero to second
Batting: RHB Jimmy Griffis 0-0: SINGLE (Line Drive, 6D, EV 96.9 MPH)
Jose Romero to third
Marcell Gavallo to second
Runner from 3rd tries for Home, SAFE, throw by CF to home
Batting: RHB Alonzo Estrada 0-0: Ball
1-0: Ball
2-0: Called Strike
2-1: Called Strike
2-2: Ball
3-2: Foul Ball, location: 2F
3-2: Strikes out swinging
Batting: RHB Mike Proctor 0-0: Called Strike
0-1: Ball
1-1: Called Strike
1-2: Strikes out looking
Batting: RHB Luis Avila 0-0: Called Strike
0-1: Ground out 6-3 (Groundball, 56D, EV 101.2 MPH)
Bottom of the 4th over - 1 run, 1 hit, 0 errors, 2 left on base; Roswell 8 - Tucson 5
TOP OF THE 5TH
Roswell Invaders batting - Pitching for Tucson Saguaros : RHP Yuga Muroi
Batting: RHB Bobby Serrano 0-0: Called Strike
0-1: Ground out 6-3 (Groundball, 6, EV 86.2 MPH)
Batting: RHB Mario Morales 0-0: Ball
1-0: Fly out, F4 (Popup, 34S, EV 81.2 MPH)
Batting: RHB Jesus Villanueva 0-0: Ball
1-0: Ball
2-0: Called Strike
2-1: Foul Ball, location: 2F
2-2: Fly out, F7 (Flyball, 7D, EV 94.4 MPH)
Top of the 5th over - 0 runs, 0 hits, 0 errors, 0 left on base; Roswell 8 - Tucson 5
BOTTOM OF THE 5TH
Tucson Saguaros batting - Pitching for Roswell Invaders : RHP Mario Morales
Batting: RHB Ivan Jenkins 0-0: Ball
1-0: DOUBLE (Line Drive, 9LS, EV 98.8 MPH)
Batting: RHB Chris Panzarella 0-0: Ball
1-0: Ball
2-0: Ball
3-0: Base on Balls
Batting: RHB Yuga Muroi 0-0: Sac Bunt to 3S - play at first, batter OUT! 3-1
Ivan Jenkins to third
Chris Panzarella to second
Batting: RHB Jose Romero 0-0: Foul Ball, location: 2F
0-1: Foul Ball, location: 2F
0-2: Foul Ball, location: 2F
0-2: Ball
1-2: Ball
2-2: Strikes out looking
Batting: RHB Marcell Gavallo 0-0: Ball
1-0: Swinging Strike
1-1: Swinging Strike
1-2: Ball
2-2: Strikes out looking
Bottom of the 5th over - 0 runs, 1 hit, 0 errors, 2 left on base; Roswell 8 - Tucson 5
TOP OF THE 6TH
Roswell Invaders batting - Pitching for Tucson Saguaros : RHP Yuga Muroi
Batting: SHB Jesse Kolb 0-0: Called Strike
0-1: Ball
1-1: Ground out 4-3 (Groundball, 4, EV 102.5 MPH)
Batting: RHB Ramon Mendez 0-0: Called Strike
0-1: Ball
1-1: Swinging Strike
1-2: Fly out, F8 (Flyball, 78S, EV 98.8 MPH)
Batting: RHB Salvino Ortiz 0-0: Fly out, F8 (Flyball, 8LD, EV 96.9 MPH)
Top of the 6th over - 0 runs, 0 hits, 0 errors, 0 left on base; Roswell 8 - Tucson 5
BOTTOM OF THE 6TH
Tucson Saguaros batting - Pitching for Roswell Invaders : RHP Mario Morales
Batting: RHB Jimmy Griffis 0-0: Called Strike
0-1: Foul Ball, location: 2F
0-2: Foul Ball, location: 2F
0-2: Ball
1-2: SINGLE (Flyball, 6D, EV 93.8 MPH)
Batting: RHB Alonzo Estrada 0-0: Foul Ball, location: 2F
0-1: Fly out, F9 (Flyball, 9D, EV 93.8 MPH)
Batting: RHB Mike Proctor 0-0: Called Strike
0-1: Ball
1-1: Foul Ball, location: 2F
1-2: Foul Ball, location: 2F
1-2: Ball
2-2: Ball
3-2: SINGLE (Line Drive, 78S, EV 105.6 MPH)
Jimmy Griffis to second
Pitching: RHP Damian Robles
Batting: RHB Luis Avila 0-0: Ball
1-0: Ball
2-0: Ball
3-0: Base on Balls
Jimmy Griffis to third
Mike Proctor to second
Batting: RHB Ivan Jenkins 0-0: Foul Ball, location: 2F
0-1: Ball
1-1: Swinging Strike
1-2: Ball
2-2: Strikes out looking
Batting: RHB Chris Panzarella 0-0: Called Strike
0-1: SINGLE (Groundball, 56D, EV 95.0 MPH)
Jimmy Griffis scores
Mike Proctor to third
Luis Avila to second
Batting: RHB Yuga Muroi 0-0: Called Strike
0-1: Ball
1-1: Swinging Strike
1-2: Foul Ball, location: 2F
1-2: SINGLE (Groundball, 6MD, EV 96.9 MPH)
Mike Proctor scores
Luis Avila to third
Chris Panzarella to second
Runner from 3rd tries for Home, SAFE, throw by CF to home
Batting: RHB Jose Romero 0-0: Ball
1-0: Foul Ball, location: 2F
1-1: Fly out, F9 (Line Drive, 9, EV 93.1 MPH)
Bottom of the 6th over - 3 runs, 4 hits, 0 errors, 2 left on base; Roswell 8 - Tucson 8
TOP OF THE 7TH
Roswell Invaders batting - Pitching for Tucson Saguaros : RHP Yuga Muroi
Batting: LHB Fernando Sierra 0-0: Ball
1-0: Fly out, F3 (Popup, 34S, EV 76.2 MPH)
Batting: RHB Gregorio Rivas 0-0: Ball
1-0: Called Strike
1-1: Called Strike
1-2: Ball
2-2: Ball
3-2: Ground out 1-3 (Groundball, 15, EV 71.2 MPH)
Batting: RHB Angel Lagunes 0-0: Called Strike
0-1: Swinging Strike
0-2: Foul Ball, location: 2F
0-2: Ground out 5-3 (Groundball, 56S, EV 66.2 MPH)
Top of the 7th over - 0 runs, 0 hits, 0 errors, 0 left on base; Roswell 8 - Tucson 8
BOTTOM OF THE 7TH
Tucson Saguaros batting - Pitching for Roswell Invaders : RHP Damian Robles
Batting: RHB Marcell Gavallo 0-0: Ball
1-0: Ball
2-0: Foul Ball, location: 2F
2-1: SINGLE (Groundball, 4D, EV 101.9 MPH)
Batting: RHB Jimmy Griffis 0-0: Ball
1-0: DOUBLE (Line Drive, 8LXD, EV 110.0 MPH)
Marcell Gavallo to third
Batting: RHB Alonzo Estrada 0-0: Ground out 4-3 (Groundball, 4, EV 82.5 MPH)
Batting: RHB Mike Proctor 0-0: Swinging Strike
0-1: Ball
1-1: Ball
2-1: Ball
3-1: Called Strike
3-2: SINGLE (Groundball, 56, EV 99.4 MPH)
Marcell Gavallo scores
Jimmy Griffis to third
Runner from 3rd tries for Home, SAFE, throw by LF to home
Mike Proctor to second
Batting: RHB Luis Avila 0-0: Ball
1-0: Ball
2-0: Called Strike
2-1: Ball
3-1: Base on Balls
Batting: RHB Ivan Jenkins 0-0: Hit by Pitch
Mike Proctor to third
Luis Avila to second
Batting: RHB Chris Panzarella 0-0: Fly out, F9 (Flyball, 89M, EV 90.6 MPH)
Runner from 3rd tags up, SCORES, throw by RF
Pinch Hitting: RHB Kareem Frazier 0-0: Ball
1-0: Ground out 5-3 (Groundball, 56S, EV 81.9 MPH)
Bottom of the 7th over - 3 runs, 3 hits, 0 errors, 2 left on base; Roswell 8 - Tucson 11
TOP OF THE 8TH
Roswell Invaders batting - Pitching for Tucson Saguaros : RHP Yuga Muroi
Pitching: RHP Chris Reyes
Batting: RHB Bobby Serrano 0-0: Ball
1-0: SINGLE (Groundball, 34S, EV 65.6 MPH) (infield hit)
Pinch Hitting: RHB William Zepeda 0-0: Called Strike
0-1: Ball
1-1: Ball
2-1: Foul Ball, location: 2F
2-2: Ball
3-2: Base on Balls
Bobby Serrano to second
Batting: RHB Jesus Villanueva 0-0: Ball
1-0: Ball
2-0: Ball
3-0: Called Strike
3-1: Base on Balls
Bobby Serrano to third
William Zepeda to second
Batting: SHB Jesse Kolb 0-0: Called Strike
0-1: Fly out, F5 (Popup, 5F, EV 66.9 MPH)
Batting: RHB Ramon Mendez 0-0: Ball
1-0: GRAND SLAM HOME RUN (Flyball, 7D, EV 107.5 MPH), Distance : 384 ft
Pitching: RHP Bruce Bell
Batting: RHB Salvino Ortiz 0-0: Called Strike
0-1: Foul Ball, location: 2F
0-2: Ball
1-2: Foul Ball, location: 2F
1-2: Ball
2-2: Foul Ball, location: 2F
2-2: Fly out, F9 (Flyball, 9, EV 92.5 MPH)
Batting: LHB Fernando Sierra 0-0: Called Strike
0-1: Ball
1-1: Swinging Strike
1-2: Foul Ball, location: 2F
1-2: Foul Ball, location: 2F
1-2: Ball
2-2: Strikes out swinging
Top of the 8th over - 4 runs, 2 hits, 0 errors, 0 left on base; Roswell 12 - Tucson 11
BOTTOM OF THE 8TH
Tucson Saguaros batting - Pitching for Roswell Invaders : RHP Damian Robles
Pitching: RHP Alejandro Bravo
Now in LF: Auggie Francis
Batting: RHB Jose Romero 0-0: Ball
1-0: Called Strike
1-1: Foul Ball, location: 2F
1-2: Strikes out swinging
Batting: RHB Marcell Gavallo 0-0: Ball
1-0: Fly out, F3 (Popup, 3SF, EV 80.6 MPH)
Batting: RHB Jimmy Griffis 0-0: Foul Ball, location: 2F
0-1: Foul Ball, location: 2F
0-2: Foul Ball, location: 2F
0-2: Ball
1-2: Foul Ball, location: 2F
1-2: Ball
2-2: SINGLE (Flyball, 9LS, EV 94.4 MPH)
Batting: RHB Alonzo Estrada 0-0: Swinging Strike
0-1: Foul Ball, location: 2F
0-2: Ball
1-2: Strikes out swinging
Bottom of the 8th over - 0 runs, 1 hit, 0 errors, 1 left on base; Roswell 12 - Tucson 11
TOP OF THE 9TH
Roswell Invaders batting - Pitching for Tucson Saguaros : RHP Bruce Bell
Batting: RHB Gregorio Rivas 0-0: Ball
1-0: Foul Ball, location: 2F
1-1: Called Strike
1-2: Strikes out swinging
Batting: RHB Angel Lagunes 0-0: Swinging Strike
0-1: Ball
1-1: Ball
2-1: Foul Ball, location: 2F
2-2: Strikes out swinging
Batting: RHB Bobby Serrano 0-0: Foul Ball, location: 2F
0-1: DOUBLE (Groundball, 5L, EV 106.9 MPH)
Batting: RHB Auggie Francis 0-0: Ball
1-0: Called Strike
1-1: Fly out, F8 (Line Drive, 8RD, EV 91.9 MPH)
Top of the 9th over - 0 runs, 1 hit, 0 errors, 1 left on base; Roswell 12 - Tucson 11
BOTTOM OF THE 9TH
Tucson Saguaros batting - Pitching for Roswell Invaders : RHP Alejandro Bravo
Batting: RHB Mike Proctor 0-0: Ball
1-0: Ball
2-0: Ball
3-0: Base on Balls
Batting: RHB Luis Avila 0-0: Called Strike
0-1: 2-RUN HOME RUN (Flyball, 7LD, EV 96.9 MPH), Distance : 367 ft
Bottom of the 9th over - 2 runs, 1 hit, 0 errors, 0 left on base; Roswell 12 - Tucson 13
Game Over ... Tucson defeats Roswell, 13 to 12
Sunday, October 31st , 2021 - OOTP Baseball 22.10 Build 79